 Dungeon Crawl Stone Soup version 0.31-a0-202-g547052bce9 (webtiles) character file.

Game seed: 8497464971897355361

58 qw the Shooter (level 3, 0/20 HPs)
             Began as a Deep Elf Hunter on June 25, 2023.
             Slain by an orc
             ... wielding a +0 whip
              (5 damage)
             ... on level 3 of the Dungeon.
             The game lasted 00:00:35 (1041 turns).

qw the Shooter (Deep Elf Hunter)                    Turns: 1041, Time: 00:00:36

Health: 0/20       AC:  5    Str: 10    XL:     3   Next: 75%
Magic:  5/5        EV: 11    Int: 13    God:
Gold:   142        SH:  0    Dex: 18    Spells: 2/2 levels left

rFire   . . .        Y - +0 shortbow
rCold   . . .        (shield currently unavailable)
rNeg    + . .        b - +0 ring mail
rPois   .            (no helmet)
rElec   .            (no cloak)
rCorr   +            (no gloves)
SInv    .            (no boots)
Will    .....        (no amulet)
Stlth   +            f - ring of resist corrosion
HPRegen 0.23/turn    j - ring of positive energy
MPRegen 0.09/turn

%: no passive effects
@: no status effects
A: no striking features
a: no special abilities


You were on level 3 of the Dungeon.
You visited 1 branch of the dungeon, and saw 3 of its levels.

You collected 142 gold pieces.


   Skills:
 - Level 1.5 Fighting
 + Level 7.2 Ranged Weapons
 - Level 2.4 Dodging
 - Level 1.2 Stealth


You had 2 spell levels left.
You didn't know any spells.
Your spell library was empty.

Inventory:

Hand Weapons
 Y - a +0 shortbow (weapon)
Armour
 b - a +0 ring mail (worn)
Jewellery
 f - a ring of resist corrosion (left hand)
 j - a ring of positive energy (right hand)
Scrolls
 a - a scroll of identify
Potions
 c - a potion of heal wounds {unknown}
 d - a potion of attraction {unknown}
 h - a potion of enlightenment
 i - a potion of degeneration {unknown}
 k - a potion of curing {unknown}

Dungeon Overview and Level Annotations

Branches:
Dungeon (3/15)

Altars:
Makhleb

Shops:
D:1 :


Message History

You shoot an arrow. The arrow hits the orc priest.
The orc priest is moderately wounded.
An orc comes into view. It is wielding a +0 whip.
The orc priest barely misses you.
You shoot an arrow.
The arrow hits the orc priest but does no damage.
The orc priest is moderately wounded.
The orc priest hits you with a +0 club.
The orc priest hits you but does no damage.
You shoot an arrow.
The arrow hits the orc priest but does no damage.
The orc priest is moderately wounded.
The orc priest closely misses you.
You shoot an arrow.
The arrow closely misses the orc priest.
The orc priest closely misses you.
You shoot an arrow.
The arrow hits the orc priest but does no damage.
The orc priest is moderately wounded.
The orc priest calls down the wrath of Beogh upon you.
Beogh smites you!
Ouch! That really hurt!
You shoot an arrow. The arrow hits the orc priest!
The orc priest is almost dead.
The orc priest looks braver for a moment.
You shoot an arrow. The arrow barely misses the orc priest.
The orc hits you with a +0 whip. The orc priest closely misses you.
You shoot an arrow. The arrow barely misses the orc priest.
The orc closely misses you.
The orc priest hits you but does no damage.
You shoot an arrow.
The arrow hits the orc priest but does no damage.
The orc priest is almost dead.
The orc hits you but does no damage. The orc priest hits you with a +0 club.
The orc hits you but does no damage.
The orc priest invokes the aid of Beogh against you.
You barely resist. You shoot an arrow. The arrow barely misses the orc priest.
The orc hits you with a +0 whip.
You die...

#....# #....#####
#........#######
#..............#
#......#.#####.#
+......#.....#.#
#......####....#########
####....................
#..####......@.......
#..####...###oo......
####....##...# #........
.............. ###.#####
####.......... ...
#........... ....
####...... ... ######
....


You could see an orc priest and an orc.

Vanquished Creatures
  An adder (D:3)
  5 orcs (D:3)
  6 ball pythons
  2 bats (D:1)
  4 endoplasms
  A giant cockroach (D:1)
  7 goblins
  3 hobgoblins (D:1)
  4 kobolds
  2 quokkas (D:1)
  3 frilled lizards
  3 rats
41 creatures vanquished.

Notes
Turn   | Place    | Note
-------+----------+-------------------------------------------
     0 | D:1      | qw the Deep Elf Hunter began the quest for the Orb.
     0 | D:1      | Reached XP level 1. HP: 12/12 MP: 3/3
     0 | D:1      | 0 ||| qw: Version: 0.3-a-22-g0ed2b0b
     0 | D:1      | 0 ||| qw: Game counter: 5719
     0 | D:1      | 0 ||| qw: Melee chars always use a shield: true
     0 | D:1      | 0 ||| qw: God list: Okawaru
     0 | D:1      | 0 ||| qw: Allow faded altars: false
     0 | D:1      | 0 ||| qw: Do Orc after clearing Dungeon:15 true
     0 | D:1      | 0 ||| qw: Do second Lair branch before Depths: true
     0 | D:1      | 0 ||| qw: Lair rune preference: random
     0 | D:1      | 0 ||| qw: Goals: Normal
     0 | D:1      | 0 ||| PLANNING D:1-11
    27 | D:1      | Found Foreci's Book Emporium.
    49 | D:1      | Reached XP level 2. HP: 11/16 MP: 4/4
    56 | D:1      | Reached skill level 6 in Ranged Weapons
   427 | D:1      | 427 ||| UPGRADING to ring of resist corrosion.
   428 | D:1      | 428 ||| READING scroll labelled UNTAOSTIPT.
   429 | D:1      | 429 ||| READING scroll labelled ITINTU MAMY.
   430 | D:1      | 430 ||| READING scroll labelled SUOFRU XIQIG.
   431 | D:1      | 431 ||| DROPPING scroll of butterflies.
   451 | D:2      | 451 ||| STAIRDANCE
   600 | D:2      | Reached XP level 3. HP: 20/20 MP: 5/5
   750 | D:2      | Found a burning altar of Makhleb.
   865 | D:2      | 865 ||| UPGRADING to +0 ring mail.
   875 | D:2      | 875 ||| DROPPING +0 leather armour.
   876 | D:2      | 876 ||| UPGRADING to ring of positive energy.
   877 | D:2      | 877 ||| READING scroll labelled XIOWE WUYNNYU.
   878 | D:2      | 878 ||| READING scroll labelled IQOX ONNYCZUEG.
   883 | D:2      | 883 ||| DRINKING 2 cyan potions.
   884 | D:2      | 884 ||| DRINKING 2 metallic white potions.
   885 | D:2      | 885 ||| DROPPING potion of brilliance.
   951 | D:3      | Reached skill level 7 in Ranged Weapons
  1040 | D:3      | HP: 5/20 [orc priest/+0 club (1)]
  1041 | D:3      | Slain by an orc

Levels and vault maps discovered:
D:1:      dpeg_arrival_short_road, layout_rooms, serial_shops,
          nicolae_book_shop_shelving
D:2:      layout_rooms, basic_altar, small_statue_intersection,
          grunt_ministairs_3, serial_bayou_pond_a
D:3:      layout_basic, vehumet_altar_wand_db, old_standard_altar

Skill      XL: |  1  2  3 |
---------------+----------+-----
Ranged Weapons | 6 7 |  7.2
Fighting       | |  1.5
Dodging        | |  2.4
Stealth        | |  1.2

Action                     || total
---------------------------++-------
   Fire: Shortbow          ||   134
    Use: Scroll            ||     5
         Potion            ||     2
 Armour: Leather armour    ||     6
         Ring mail         ||     8
  Dodge: Dodged            ||    27

Table legend:
 A = Non-vault XP
 B = Vault XP
 C = Vault XP percentage of total XP
 D = Non-vault monster count
 E = Vault monster count
 F = Vault count percentage of total count
                 A         B        C        D         E       F
            +---------+---------+-------+---------+---------+-------
      Total |      79 |       4 |   4.8 |      39 |       2 |   4.9
            +---------+---------+-------+---------+---------+-------
        D:1 |      35 |       4 |  10.3 |      21 |       2 |   8.7
        D:2 |      13 |       0 |   0.0 |       9 |       0 |   0.0
        D:3 |      31 |       0 |   0.0 |       9 |       0 |   0.0
            +---------+---------+-------+---------+---------+-------
